 Dungeon Crawl Stone Soup version 0.30-a0-2-gf48d83f5e2 (webtiles) character file.

Game seed: 10955830541133314134

158 kae the Firebug (level 5, -1/29 HPs)
             Began as a Deep Elf Fire Elementalist on Aug 19, 2022.
             Slain by an adder (4 damage)
             ... on level 4 of the Dungeon.
             The game lasted 00:02:16 (3991 turns).

kae the Firebug (Deep Elf Fire Elementalist)        Turns: 3991, Time: 00:02:16

Health: -1/29      AC:  2    Str:  5    XL:     5   Next: 16%
Magic:  10/12      EV: 13    Int: 22    God:
Gold:   240        SH:  0    Dex: 15    Spells: 2/11 levels left

rFire   . . .      SeeInvis .    (no weapon)
rCold   . . .      Faith    .    (no shield)
rNeg    . . .      Spirit   .    a - +0 robe
rPois   .          Reflect  .    (no helmet)
rElec   .          Harm     .    (no cloak)
rCorr   .          Rampage  .    (no gloves)
Will    .....                    (no boots)
Stlth   ++........               (no amulet)
HPRegen 0.09/turn                (no ring)
MPRegen 0.13/turn                (no ring)

@: no status effects
A: no striking features
a: no special abilities


You were on level 4 of the Dungeon.
You visited 1 branch of the dungeon, and saw 5 of its levels.

You collected 240 gold pieces.


   Skills:
 + Level 1.2 Fighting
 + Level 3.3 Dodging
 - Level 2.4 Stealth
 + Level 3.9 Spellcasting
 * Level 3.0 Conjurations
 * Level 4.3 Fire Magic


You had 2 spell levels left.
You knew the following spells:

 Your Spells              Type           Power      Damage    Failure   Level
a - Foxfire               Conj/Fire      80%        2x1d8     2%          1
b - Scorch                Fire           46%        2d7       2%          2
c - Conjure Flame         Conj/Fire      20%        6-21      8%          3
d - Inner Flame           Hex/Fire       13%        N/A       14%         3

Your spell library contained the following spells:

 Spells                   Type           Power      Damage    Failure   Level
 Magic Dart               Conj           68%        1d6       3%          1
 Apportation              Tloc           8%         N/A       12%         1
 Slow                     Hex            16%        N/A       12%         1
 Call Imp                 Summ           4%         N/A       17%         2
 Mephitic Cloud           Conj/Pois/Air  8%         N/A       22%         3
 Flame Wave               Conj/Fire      20%        2d7       24%         4
 Confusing Touch          Hex            4%         N/A       34%         3
 Summon Guardian Golem    Hex/Summ       4%         N/A       34%         3
 Vampiric Draining        Necr           4%         2d6       34%         3
 Alistair's Intoxication  Tmut/Pois      2%         N/A       97%         5
 Orb of Destruction       Conj           8%         9d6       100%        7
 Spellforged Servitor     Conj/Summ      5%         N/A       100%        7

Inventory:

Missiles
 g - 9 poisoned darts
 h - 37 stones
 p - 6 boomerangs
Armour
 a - a +0 robe (worn)
Jewellery
 L - a ring of flight
   (You found it on level 1 of the Dungeon)
Wands
 k - a wand of iceblast (4)
   (You found it on level 2 of the Dungeon)
 o - a wand of charming (11)
   (You found it on level 2 of the Dungeon)
Scrolls
 c - 2 scrolls of blinking {unknown}
 e - a scroll of identify {@r1}
 i - 2 scrolls of magic mapping {!r}
 n - 2 scrolls of teleportation {unknown}
Potions
 b - a potion of magic
 d - a potion of flight {unknown}
 f - a potion of might {unknown}
 l - a potion of cancellation {unknown}
 m - a potion of haste {unknown}
 q - a potion of mutation {unknown}
 r - a potion of invisibility

Dungeon Overview and Level Annotations

Branches:
Dungeon (5/15) Zot: 25517
 Temple: D:4-7

Altars:

Shops:
D:4

[ *,**,##,#g#*.#,*#*,*
#g## *,*#.#..#.##.#...*,*
#.# *,*#....#........,,*
#<# *,**,*,#.h.#,#**,***
#.# *,,,,,,##.h#.# *,*
#.#
*,,**#.###W#.#**,*****#.#
*,,* #....h..#*,,,,,,,..#
**.###.###S####..#****###
*......<@.......#
*##.#.#.#.#####.#
**,..##.# *,# *...#*#.#
*.# #...* #.#####.# #..,*
#)##....###### ##,**
#.#..........# *,*
#.#..#######.# *,*
#.#..#######.####


You could see a phantom, an adder and 2 jackals.


Message History

A kobold comes into view. It is wielding a +0 club.
The kobold shouts!
The kobold throws a stone.
The stone hits you. 😕 HP[+3]
You regained 3 hp, and now have 27/29 hp.
The kobold throws a stone.
The stone completely misses you.
Casting: Scorch (safe; 2% risk of failure)
Confirm with . or Enter, or press ? or * to list all spells.
Flames lash the kobold.
You kill the kobold! 😕 MP[-2]
You lost 2 mp, and now have 10/12 mp.
Casting: Scorch (safe; 2% risk of failure)
Confirm with . or Enter, or press ? or * to list all spells.
You can't see any susceptible monsters within range! (Use Z to cast anyway.)
h - 37 stones (gained 5)
Things that are here:
a +0 club; a kobold corpse
Found a stone staircase leading up. 😎 HP[+2] MP[+2]
Your hp is fully restored (29).
Your mp is fully restored (12).
A phantom comes into view.
A phantom is nearby!
Casting: Scorch (safe; 2% risk of failure)
Confirm with . or Enter, or press ? or * to list all spells.
You conjure some foxfire!
The foxfire hits the phantom. 😎 MP[-1]
You lost 1 mp, and now have 11/12 mp.
Casting: Foxfire (safe; 2% risk of failure)
Confirm with . or Enter, or press ? or * to list all spells.
You conjure some foxfire!
The foxfire hits the phantom.
The foxfire hits the phantom. x2
A jackal comes into view. 😎 MP[-1]
You lost 1 mp, and now have 10/12 mp.
Casting: Foxfire (safe; 2% risk of failure)
Confirm with . or Enter, or press ? or * to list all spells.
Flames lash the phantom.
The phantom's fire resistance burns away.
The jackal barks!
The phantom hits you.
The phantom blinks!
You blink.
A jackal comes into view. 😕 HP[-5] MP[-2]
You take 5 damage, and now have 24/29 hp.
You lost 2 mp, and now have 8/12 mp.
A jackal comes into view.
The jackal barely misses you.
A jackal comes into view.
An adder comes into view.
The jackal barks!
You completely miss the jackal.
The jackal barks!
The gnoll shouts!
You hear an angry hiss.
A ball python comes into view.
The jackal closely misses you. The jackal misses you.
The phantom barely misses you.
The adder hisses angrily. 😕 MP[+1]
Okay, then.
Okay, then.
As you read the scroll labelled HOOGOD QAURUL, it crumbles to dust.
You feel aware of your surroundings.
It was a scroll of magic mapping.
The phantom is no longer more vulnerable to fire.
The jackal barely misses you. x2; The jackal misses you.
The jackal closely misses you. The phantom hits you. 😮 HP[-4]
You take 4 damage, and now have 20/29 hp.
Unknown command.
As you read the scroll labelled ITUAPLAUHU, it crumbles to dust.
It is a scroll of identify.
r - a potion of invisibility The jackal closely misses you.
The jackal barely misses you. The phantom barely misses you.
The gnoll hits you from afar with a +0 halberd!
* * * LOW HITPOINT WARNING * * *
😨 HP[-8]
You take 8 damage, and now have 12/29 hp.
MASSIVE DAMAGE!! (PAUSE) Unknown command.
As you read the scroll labelled KOLAFE NEECVA, it crumbles to dust.
It is a scroll of amnesia.
Really abort (and waste the scroll)?
Okay, then.
The jackal bites you.
* * * LOW HITPOINT WARNING * * *
The jackal misses you. The phantom hits you!
* * * LOW HITPOINT WARNING * * *
The phantom blinks!
You blink. 😱 HP[-9]
You take 9 damage, and now have 3/29 hp.
MASSIVE DAMAGE!! (PAUSE) Unknown command.
The phantom attacks as you move away!
The phantom hits you but does no damage.
You see here 11 gold pieces.
The adder misses you. 😱 MP[+1]
The adder attacks as you move away! The adder bites you.
You die...

Skill      XL: |  1  2  3  4  5 |
---------------+----------------+-----
Conjurations   | 2 3 |  3.0
Dodging        | 3 |  3.3
Fire Magic     | 4 |  4.3
Fighting       | 1 |  1.2
Stealth        | |  2.4
Spellcasting   | |  3.9

Action                   |  1- 3 |  4- 6 || total
-------------------------+-------+-------++-------
Melee: Unarmed           |       |     1 ||     1
 Cast: Foxfire           |    69 |    51 ||   120
       Scorch            |     8 |    12 ||    20
  Use: Scroll            |       |     3 ||     3
Armor: Robe              |     1 |     3 ||     4
Dodge: Dodged            |     8 |    47 ||    55

Levels and vault maps discovered:
D:1:      onia_arrival_zoo_common, layout_basic, basic_ecumenical_altar
D:2:      layout_loops_ring
D:3:      layout_loops_corners
D:4:      layout_loops_ring, serial_shops, shop_fountains
D:5:      layout_basic

Notes
Turn   | Place    | Note
-------+----------+-------------------------------------------
     0 | D:1      | kae the Deep Elf Fire Elementalist began the quest for the
                  | Orb.
     0 | D:1      | Reached XP level 1. HP: 10/10 MP: 6/6
     0 | D:1      | magus.rc [v1.11.3]
     7 | D:1      | Noticed a five-headed hydra
     7 | D:1      | Noticed a polar bear
     8 | D:1      | Noticed a komodo dragon
   237 | D:1      | Reached XP level 2. HP: 15/15 MP: 5/8
   309 | D:1      | Learned a level 2 spell: Scorch
   336 | D:1      | You pick up a book of Minor Magic and begin reading...
   336 | D:1      | You add the spells Magic Dart, Call Imp and Mephitic Cloud
                  | to your library.
   480 | D:1      | Found a faded altar of an unknown god.
   581 | D:2      | Reached skill level 2 in Conjurations
   810 | D:2      | You pick up a book of Dangerous Friends and begin
                  | reading...
   810 | D:2      | You add the spells Summon Guardian Golem, Orb of
                  | Destruction and Spellforged Servitor to your library.
   936 | D:2      | Reached XP level 3. HP: 18/20 MP: 5/9
   940 | D:2      | Learned a level 3 spell: Conjure Flame
  1160 | D:2      | Identified the +3 pair of boots of the End {Int+2}
  1972 | D:3      | You pick up a book of Party Tricks and begin reading...
  1972 | D:3      | You add the spells Apportation and Alistair's Intoxication
                  | to your library.
  2024 | D:3      | Reached skill level 3 in Dodging
  2024 | D:3      | Reached skill level 4 in Fire Magic
  2024 | D:3      | Reached XP level 4. HP: 24/24 MP: 7/11
  2112 | D:3      | Reached skill level 1 in Fighting
  2497 | D:3      | You fall into a shaft and drop 2 floors!
  2497 | D:5      | Entered Level 5 of the Dungeon
  3118 | D:4      | Found Moroqat's Antique Armour Emporium.
  3120 | D:4      | Noticed a steam dragon
  3238 | D:3      | Learned a level 3 spell: Inner Flame
  3249 | D:3      | Reached XP level 5. HP: 22/29 MP: 7/12
  3384 | D:3      | Reached skill level 3 in Conjurations
  3881 | D:4      | You pick up a book of Debilitation and begin reading...
  3881 | D:4      | You add the spells Slow, Vampiric Draining and Confusing
                  | Touch to your library.
  3974 | D:4      | Noticed a phantom
  3985 | D:4      | HP: 3/29 [phantom (7)]
  3991 | D:4      | Slain by an adder

Vanquished Creatures
  6 gnolls (D:3)
  2 adders (D:3)
  2 worms
  3 dart slugs
  5 orcs
  6 ball pythons
  5 endoplasms
  4 giant cockroaches
  4 goblins
  8 hobgoblins
  4 jackals (D:3)
  4 kobolds
  2 quokkas (D:3)
  3 bats
  5 frilled lizards
  3 rats
66 creatures vanquished.

Vanquished Creatures (others)
  195 foxfires
195 creatures vanquished.

Grand Total: 261 creatures vanquished

Table legend:
 A = Non-vault XP
 B = Vault XP
 C = Vault XP percentage of total XP
 D = Non-vault monster count
 E = Vault monster count
 F = Vault count percentage of total count
                 A         B        C        D         E       F
            +---------+---------+-------+---------+---------+-------
      Total |     227 |       0 |   0.0 |      66 |       0 |   0.0
            +---------+---------+-------+---------+---------+-------
        D:1 |      19 |       0 |   0.0 |      13 |       0 |   0.0
        D:2 |      29 |       0 |   0.0 |      12 |       0 |   0.0
        D:3 |     163 |       0 |   0.0 |      33 |       0 |   0.0
        D:4 |      16 |       0 |   0.0 |       8 |       0 |   0.0
            +---------+---------+-------+---------+---------+-------

Illustrated notes

Table legend:
 A = Kills in this place as a percentage of kills in entire the game.
 B = Kills by you in this place as a percentage of kills by you in the entire game.
 C = Kills by friends in this place as a percentage of kills by friends in the entire game.
 D = Other kills in this place as a percentage of other kills in the entire game.
 E = Experience gained in this place as a percentage of experience gained in the entire game.
 F = Experience gained in this place divided by the number of levels of this place that you have seen.
                   A       B       C       D       E      F
               +-------+-------+-------+-------+-------+----------------------
         Total | 100.0 | 100.0 |   N/A |   N/A | 100.0 |  45.4
       Dungeon | 100.0 | 100.0 |   N/A |   N/A | 100.0 |  45.4
               +-------+-------+-------+-------+-------+----------------------

Table legend: (Time is in decaauts)
 A = Elapsed time spent in this place.
 B = Non-inter-level travel time spent in this place.
 C = Inter-level travel time spent in this place.
 D = Time resting spent in this place.
 E = Time spent auto-exploring this place.
 F = Levels seen in this place.
 G = Mean time per level.
                   A        B        C        D        E       F      G
               +--------+--------+--------+--------+--------+-----+--------+
         Total |   3995 |   3811 |    184 |    371 |   2965 |   5 |  799.0 |
       Dungeon |   3995 |   3811 |    184 |    371 |   2965 |   5 |  799.0 |
               +--------+--------+--------+--------+--------+-----+--------+

Top non-repeatable levels by time:
     D:3: 1833 daAuts
     D:2: 967 daAuts
     D:4: 683 daAuts
     D:1: 495 daAuts
     D:5: 15 daAuts
